 Dungeon Crawl Stone Soup version 0.24-a0-809-g71cb82d (webtiles) character file.

Game seed: 12874925347566069, levelgen mode: deterministic

789 2tousent the Changer (level 7, -6/52 HPs)
             Began as a Purple Draconian Transmuter on Oct 10, 2019.
             Was a Believer of Wu Jian.
             Mangled by an orc warrior
             ... wielding a +0 mace
              (14 damage)
             ... on level 6 of the Dungeon.
             The game lasted 00:18:04 (4987 turns).

2tousent the Changer (Purple Draconian Transmuter)  Turns: 4987, Time: 00:18:05

Health: -6/52      AC:  5    Str: 12    XL:     7   Next: 56%
Magic:  14/14      EV: 12    Int: 14    God:    Wu Jian [**....]
Gold:   240        SH:  0    Dex: 13    Spells: 6/16 levels left

rFire    . . .     SeeInvis .     - Unarmed
rCold    . . .     Gourm    .   (no shield)
rNeg     . . .     Faith    .   (armour unavailable)
rPois    .         Spirit   .   (helmet restricted)
rElec    .         Reflect  .   p - +0 cloak
rCorr    .         Harm     .   s - +0 pair of gloves
MR       +....                  q - +0 pair of boots
Stlth    +.........             (no amulet)
HPRegen  0.17/turn              (no ring)
MPRegen  0.14/turn              (no ring)

@: about to teleport, short of breath, corroded
A: breathe power, unfitting armour, cold-blooded, AC +6
a: Breathe Dispelling Energy, Wall Jump, Renounce Religion


You were on level 6 of the Dungeon.
You worshipped Wu Jian.
Wu Jian was pleased with you.
You were not hungry.

You visited 1 branch of the dungeon, and saw 6 of its levels.

You collected 240 gold pieces.

Inventory:

Missiles
 a - 46 arrows (quivered)
Armour
 p - a +0 cloak (worn)
 q - a +0 pair of boots (worn)
 s - a +0 pair of gloves (worn)
Jewellery
 h - an uncursed ring of fire
Scrolls
 e - a scroll of fog
 i - 5 scrolls of remove curse
Potions
 b - a potion of haste
 d - a potion of berserk rage
 f - a potion of might
 g - a potion of degeneration
 j - 2 potions of flight {unknown}
 k - a potion of heal wounds {unknown}
 l - a potion of ambrosia {unknown}
 m - a potion of resistance {unknown}
 o - 2 potions of curing {unknown}
Comestibles
 c - 13 rations


   Skills:
 - Level 1.1 Fighting
 - Level 1.7 Dodging
 + Level 5.7 Unarmed Combat
 + Level 5.0 Spellcasting
 * Level 5.9 Transmutations


You had 6 spell levels left.
You knew the following spells:

 Your Spells              Type           Power        Failure   Level  Hunger
a - Blade Hands           Tmut           ###.......   38%         5    ######.
b - Spider Form           Tmut/Pois      ##........   16%         3    ###....
c - Sticks to Snakes      Tmut           ###.....     2%          2    ##.....

Your spell library contained the following spells:

 Spells                   Type           Power        Failure   Level  Hunger
 Beastly Appendage        Tmut           ###...       1%          1    None
 Ice Form                 Ice/Tmut       ##......     45%         4    ####...


Dungeon Overview and Level Annotations

Branches:
Dungeon (6/15)             Temple (0/1) D:4

Altars:
Ashenzari
Cheibriados
Elyvilon
Fedhas
Hepliaklqana
Makhleb
Okawaru
Ru
Trog
Uskayaw
Wu Jian
Xom
Zin

Shops:
D:6 [


Innate Abilities, Weirdness & Mutations

You can breathe bolts of dispelling energy.
Your rich purple scales are hard. (AC +6)
You cannot fit into any form of body armour.
You are cold-blooded and may be slowed by cold attacks.


Message History

Your transformation has ended.
Your +0 cloak unmelds from your body.
Your +0 pair of gloves unmelds from your body.
Your +0 pair of boots unmelds from your body.
The orc wizard miscasts a cantrip.
Press: ? - help, Shift-Dir - straight line, f - orc wizard
Aim: an orc wizard, wielding a +0 dagger and wearing a +0 robe (fast)
You breathe a bolt of dispelling energy.
The bolt of dispelling energy misses the orc warrior.
The bolt of dispelling energy hits the orc wizard.
The orc wizard is moderately wounded.
The orc wizard's magical effects unravel!
You feel somewhat more hungry.
The orc warrior hits you with a +0 mace!
* * * LOW HITPOINT WARNING * * *
The orc wizard looks braver for a moment.
As you read the scroll of teleportation, it crumbles to dust.
You feel strangely unstable.
The orc warrior hits you with a +0 mace!
You die...

..# #.## #.# #.#
#?# #.# #.# #.# #)#
#.# # #.# #.# #.
#.# ####.#
####.#.#######
#....#
#........oo@.#
#.####
.........####.# #.#
##..#.#..# #.# #.#
#. #.#..# #.# #.# #
#.#...
#.#########.# #
##.#. #.##........#
#.....#.##.#.....##
#.##..#.##.#.###.#
(.....#.##.....#.#


You could see an orc warrior and an orc wizard.

Vanquished Creatures
  Purgy (D:3)
  2 scorpions
  A howler monkey (D:6)
  A quasit (D:2)
  2 hounds
  A jelly (D:6)
  2 orc wizards (D:4)
  An iguana (D:4)
  2 worker ants
  Robin (D:3)
  7 gnolls
  4 adders
  2 oozes (D:2)
  2 adder skeletons (D:4)
  4 worms
  4 dart slugs
  3 leopard geckos
  13 orcs
  A ball python (D:2)
  3 giant cockroaches
  15 goblins
  14 hobgoblins
  4 jackals (D:4)
  6 kobolds
  2 quokkas
  8 bats
  6 frilled lizards
  7 rats
119 creatures vanquished.

Vanquished Creatures (collateral kills)
  A scorpion (D:4)
  An orc (D:4)
2 creatures vanquished.

Grand Total: 121 creatures vanquished

Notes
Turn   | Place    | Note
-------+----------+-------------------------------------------
     0 | D:1      | 2tousent the Draconian Transmuter began the quest for the
                  | Orb.
     0 | D:1      | Reached XP level 1. HP: 16/16 MP: 3/3
   242 | D:1      | Reached XP level 2. HP: 15/23 MP: 3/5
  1152 | D:2      | Reached XP level 3. HP: 28/28 MP: 4/6
  1157 | D:2      | Learned a level 3 spell: Spider Form
  1193 | D:2      | Learned a level 2 spell: Sticks to Snakes
  1279 | D:2      | Reached XP level 4. HP: 28/35 MP: 1/7
  1758 | D:2      | Found a shattered altar of Ashenzari.
  1826 | D:2      | Found a shimmering altar of Xom.
  1827 | D:2      | Found an ornate altar of the Wu Jian Council.
  1828 | D:2      | Found a hide-covered altar of Uskayaw.
  1830 | D:2      | Became a worshipper of the Wu Jian Council
  1841 | D:2      | Found a sacrificial altar of Ru.
  1846 | D:2      | Found a bloodstained altar of Trog.
  1902 | D:2      | Found a hazy altar of Hepliaklqana.
  1911 | D:2      | Reached XP level 5. HP: 39/40 MP: 3/9
  2249 | D:3      | Noticed Purgy
  2271 | D:3      | Killed Purgy
  2367 | D:3      | Found a burning altar of Makhleb.
  2367 | D:3      | Found a glowing silver altar of Zin.
  2368 | D:3      | Noticed an angel
  2368 | D:3      | Noticed an Executioner
  2409 | D:3      | Reached XP level 6. HP: 36/47 MP: 4/10
  2472 | D:3      | Found a snail-covered altar of Cheibriados.
  2628 | D:3      | Noticed Robin
  2641 | D:3      | Killed Robin
  2880 | D:3      | Reached skill level 5 in Unarmed Combat
  2884 | D:3      | Reached * piety under Wu Jian
  3151 | D:3      | Learned a level 5 spell: Blade Hands
  3547 | D:4      | Found a staircase to the Ecumenical Temple.
  3566 | D:4      | Reached skill level 5 in Transmutations
  3610 | D:4      | Your scales start taking on a rich purple colour.
  3610 | D:4      | Reached XP level 7. HP: 22/52 MP: 1/13
  3872 | D:4      | Found an iron altar of Okawaru.
  4395 | D:5      | Entered Level 5 of the Dungeon
  4614 | D:5      | Found a white marble altar of Elyvilon.
  4886 | D:6      | Found Geisudgh's Antique Armour Shoppe.
  4943 | D:6      | Found a blossoming altar of Fedhas.
  4971 | D:6      | Reached ** piety under Wu Jian
  4977 | D:6      | Reached skill level 5 in Spellcasting
  4987 | D:6      | Mangled by an orc warrior

Levels and vault maps discovered:
D:1:      minmay_arrival_hallway, layout_basic, wad_floor_pattern_1,
          chequers_serial_rivers_small_a
D:2:      layout_basic, old_standard_altar, nicolae_overflow_crystal_walls,
          minitemple, minmay_hexomino_p4
D:3:      layout_basic, grunt_temple_overflow_order_and_chaos_2, st_stairs_12,
          kennysheep_slug_shrine, uniq_purgy, uniq_robin
D:4:      layout_basic, okawaru_altar_gauntlet_db, minmay_temple_entry_arrows,
          first_ration, eino_small_chamber_without_monster
D:5:      layout_rooms, elyvilon_altar_3
D:6:      layout_loops_ring, fedhas_ov_isle_minmay, serial_shops, shop_statue,
          serial_glass, glass_columns_b, glass_columns_b

Skill      XL: |  1  2  3  4  5  6  7 |
---------------+----------------------+-----
Transmutations | 3 4 5 |  5.9
Unarmed Combat | 4 5 |  5.7
Spellcasting   | 3 4 5 |  5.0
Fighting       | |  1.1
Dodging        | |  1.7

Action                   |  1- 3 |  4- 6 |  7- 9 || total
-------------------------+-------+-------+-------++-------
Melee: Unarmed           |    96 |   224 |    84 ||   404
       Kick              |     5 |     6 |       ||    11
       Tailslap          |     9 |    13 |     2 ||    24
       Punch             |     2 |     2 |       ||     4
       Headbutt          |     3 |       |       ||     3
 Cast: Beastly Appendage |    15 |     3 |       ||    18
       Spider Form       |     1 |    24 |     8 ||    33
       Sticks to Snakes  |     1 |     1 |       ||     2
       Blade Hands       |       |       |     1 ||     1
Invok: Lunge             |       |    20 |    19 ||    39
       Whirlwind         |       |    16 |    33 ||    49
 Abil: Breathe Dispellin |       |       |     1 ||     1
  Use: Scroll            |     2 |     6 |     6 ||    14
 Stab: Distracted        |     1 |       |       ||     1
       Sleeping          |       |     1 |       ||     1
  Eat: Chunk             |     1 |    13 |     2 ||    16
       Ration            |       |       |     1 ||     1
Armor: Skin              |    30 |    43 |     8 ||    81
Dodge: Dodged            |    62 |   156 |    47 ||   265

Table legend:
 A = Non-vault XP
 B = Vault XP
 C = Vault XP percentage of total XP
 D = Non-vault monster count
 E = Vault monster count
 F = Vault count percentage of total count
                 A         B        C        D         E       F
            +---------+---------+-------+---------+---------+-------
      Total |     895 |     233 |  20.7 |     101 |      20 |  16.5
            +---------+---------+-------+---------+---------+-------
        D:1 |      38 |       0 |   0.0 |      20 |       0 |   0.0
        D:2 |     155 |       9 |   5.5 |      29 |       2 |   6.5
        D:3 |     121 |     176 |  59.3 |      21 |      12 |  36.4
        D:4 |     285 |      48 |  14.4 |      21 |       6 |  22.2
        D:5 |     121 |       0 |   0.0 |       4 |       0 |   0.0
        D:6 |     175 |       0 |   0.0 |       6 |       0 |   0.0
            +---------+---------+-------+---------+---------+-------
